 Dungeon Crawl Stone Soup version 0.28.0-62-gf88900778d (webtiles) character file.

Game seed: 14121404466092931975

1672271 jjjjhere the Conqueror (level 26, 239/239 HPs)
             Began as a Minotaur Berserker on Nov 25, 2023.
             Was a High Priest of Trog.
             Escaped with the Orb
             ... and 3 runes on Dec 24, 2023!
             The game lasted 02:51:46 (70362 turns).

jjjjhere the Conqueror (Minotaur Berserker)        Turns: 70362, Time: 02:51:47

Health: 239/239    AC: 47    Str: 30    XL:     26   Next: 81%
Magic:  7/7        EV: 25    Int:  6    God:    Trog [*****.]
Gold:   4751       SH: 28    Dex: 18    Spells: 25/25 levels left

rFire   + + .      SeeInvis +   W - +2 broad axe (antimagic)
rCold   + . .      Faith    .   y - +5 tower shield of Salvation {rPois}
rNeg    + . .      Spirit   .   Y - +10 gold dragon scales
rPois   +          Reflect  .   (helmet restricted)
rElec   .          Harm     .   J - +2 cloak {rCorr}
rCorr   +          Rampage  .   z - +3 pair of gauntlets of War {Slay+5}
Will    +....                   N - +0 pair of boots {Stlth+}
Stlth   ..........              f - amulet "Duevines" {Regen+ Dex+4}
HPRegen 1.29/turn               v - ring of the Hare {EV+8}
MPRegen 0.10/turn               O - ring of positive energy

@: no status effects
A: horns 2, retaliatory headbutt, see invisible, agile 1, fire resistance 1,
frail 1, sense surroundings 1
0: Orb of Zot
}: 3/15 runes: serpentine, barnacled, silver
a: Renounce Religion, Berserk, Trog's Hand, Brothers in Arms


You escaped.
You worshipped Trog.
Trog was extremely pleased with you.
You visited 9 branches of the dungeon, and saw 48 of its levels.
You visited the Abyss 2 times.
You also visited: Ossuary, Gauntlet and Ice Cave.

You collected 7498 gold pieces.
You spent 2747 gold pieces at shops.

Inventory:

Hand Weapons
 c - a +4 broad axe of flaming
 t - a +3 broad axe of freezing
 W - a +2 antimagic broad axe (weapon)
Missiles
 l - 4 javelins
 u - 10 silver boomerangs (quivered)
 Q - 5 throwing nets
 Z - 14 silver javelins
Armour
 y - the +5 tower shield of Salvation (worn) {rPois}
   (You acquired it on level 2 of the Orcish Mines)

   rPois:     It protects you from poison.
 z - the +3 pair of gauntlets of War (worn) {Slay+5}
   (You found it on level 5 of the Vaults)

   Slay:      It affects your accuracy & damage with ranged weapons and melee
   (+5).
 J - a +2 cloak of preservation (worn)
 N - a +0 pair of boots of stealth (worn)
 Y - +10 gold dragon scales (worn)
Jewellery
 a - a +4 ring of protection
 f - the amulet "Duevines" (around neck) {Regen+ Dex+4}
   (You found it in a Gauntlet)

   [amulet of regeneration]

   Dex:       It affects your dexterity (+4).
   Regen:     It increases your rate of health regeneration.
 h - a ring of flight
 i - a +6 ring of intelligence
 m - a +4 ring of slaying
 s - a ring of protection from fire
 v - the ring of the Hare (left hand) {EV+8}
   (You found it on level 12 of the Dungeon)

   [ring of evasion]

   EV:        It affects your evasion (+8).
 w - a ring of see invisible
 M - the ring "Ilivepn" {Fire Dex+3 Slay+5}
   (You bought it in a shop on level 2 of the Orcish Mines)

   [ring of fire]

   It enhances your fire magic.
   Dex:       It affects your dexterity (+3).
   Slay:      It affects your accuracy & damage with ranged weapons and melee
   (+5).
   rF:        It protects you from fire.
   rC:        It makes you vulnerable to cold.
 O - a ring of positive energy (right hand)
 X - the ring "Fufopah" {rElec rPois rF+}
   (You took it off a merfolk javelineer on level 4 of the Shoals)

   [ring of protection from fire]

   rF:        It protects you from fire.
   rElec:     It insulates you from electricity.
   rPois:     It protects you from poison.
Wands
 k - a wand of flame (73)
 p - a wand of charming (10)
 B - a wand of paralysis (6)
 H - a wand of iceblast (77)
 K - a wand of mindburst (45)
 S - a wand of digging (2)
 U - a wand of acid (19)
Scrolls
 b - 8 scrolls of fog
 o - 7 scrolls of magic mapping
 q - 18 scrolls of teleportation
 x - 9 scrolls of fear
 C - a scroll of holy word
 F - 2 scrolls of blinking
Potions
 d - 5 potions of invisibility
 g - 5 potions of resistance
 j - 29 potions of curing
 n - 10 potions of haste
 r - 6 potions of ambrosia
 E - 23 potions of heal wounds
 G - 7 potions of mutation
 I - 3 potions of cancellation
 P - 11 potions of flight
 T - 6 potions of might
Miscellaneous
 e - a box of beasts
 D - a tin of tremorstones (2/2)
 L - a phantom mirror
 R - a condenser vane
 V - a phial of floods


   Skills:
 O Level 27 Fighting
 - Level 18.0 Axes
 - Level 16.0 Throwing
 + Level 26.0 Armour
 + Level 20.5 Dodging
 + Level 21.9 Shields
 - Level 16.0 Evocations


You had 25 spell levels left.
You didn't know any spells.
Your spell library was empty.

Dungeon Overview and Level Annotations

Branches:
Dungeon (15/15) Temple (0/1) D:6 D:7 Lair (6/6) D:11 Shoals (4/4) Lair:4 Snake (4/4) Lair:4 Slime (0/5) Lair:6 Orc (2/2) D:9 Elf (3/3) Orc:2 Vaults (5/5) D:14 Crypt (0/3) Vaults:3 Depths (4/4) D:15 Zot (5/5) Depths:4 Ossuary (visited) IceCv (visited) Gauntlet (visited)

Altars:
Fedhas
Kikubaaqudgha
Makhleb
Qazlal
Ru
Sif Muna
Trog
Vehumet
Yredelemnul
Zin
Beogh
Lugonu

Shops:
D:3 [   D:7 (   D:8 :   D:10 [   D:15 [(*(   Orc:2 (=*[   Elf:1 (([   Elf:3 :==
Shoals:2 *   Snake:2 [   Vaults:2 =   Vaults:3 (   Vaults:4 *   Zot:4 *
Depths:1 [   Depths:2 (

Portals:
Hell: Depths:1 Depths:2 Depths:3 Depths:4
Abyss: D:11 Depths:1 Depths:2 Depths:3
Pandemonium: Depths:1 Depths:2 Depths:3
Ziggurat: Depths:4
Trove: Vaults:4 (give 16 scrolls of teleportation)

Annotations:
D:8 4 runed translucent doors
Lair:1 2 transporters, exclusion: oklob plant, Valamore's ghost, journeyman MiGl
Lair:2 2 transporters
Snake:2 6 transporters
Depths:2 6 runed translucent doors


Innate Abilities, Weirdness & Mutations

You have a pair of horns on your head.
You reflexively headbutt those who attack you in melee.
You have supernaturally acute eyesight. (SInv)
You are agile. (Dex +2)
Your flesh is heat resistant. (rF+)
You are frail. (-10% HP)
You passively map a small area around you.


Message History

(Z) Zot
Where to? (Enter - D:1 @ (x,y), ? - help)
You see here 9 arrows.
There is a stone staircase leading up here.
You climb upwards.
There is a stone staircase leading down here.
A shadow demon comes into view.
Unknown command.
A ynoxinul comes into view.
You slash the ynoxinul!
The ynoxinul's magic leaks into the air.
You headbutt the ynoxinul.
The ynoxinul is severely wounded.
You carve the ynoxinul like a ham!!!
You kill the ynoxinul!
Trog accepts your kill.
A Morunobi and a chaos spawn come into view.
The chaos spawn gurgles horribly!
Morunobi moves out of view.
You open the door.
There is an open door here.
There is a stone staircase leading up here.
You climb upwards.
There is a stone staircase leading down here.
(D) Dungeon (T) Temple (L) Lair (A) Shoals (P) Snake Pit (M) Slime Pits (O) Orcish Mines (E) Elven Halls (V) Vaults (C) Crypt (U) Depths (H) Hell (Z) Zot
Where to? (Enter - D:1 @ (x,y), ? - help)
What level of the Dungeon? (default 1, ? - help)
There is a stone staircase leading up here.
You climb upwards.
There is a stone staircase leading down here.
You open the door.
There is an open door here.
There is a staircase leading out of the dungeon here.
Unknown command.
Enter note: classic
Enter note: decent items. no hats.
You have escaped!

..###.........#####.#.#####..# #
..#.......................#..# #
..#...8.⌠.8.##.........#.....####
.............#.........#.........
......⌠._.⌠..######.#........)...
.............######.#.#.#.#......
......8.⌠.8.........#.....#......
....)..........######.....#..###.
...............#@.≈P#.....#..# #.
........#......#..P♣#.#+#.#..# #.
........#......#≈.P♣#.#......# ##
........#......#P..P#.##.....####
.....#.........#P..P#..+.........
...###.........#P≈..'.##.........
...###.........#♣P.P####.........
...............#≈♣.≈# #...>.....
...............###'## #.........


There were no monsters in sight!

Vanquished Creatures
  4 orbs of fire (Zot:5)
  2 dread liches
  3 ancient liches
  A juggernaut (Depths:4)
  Sojobo (D:15)
  Vashnia (Snake:4)
  9 Killer Klowns
  3 curse toes
  11 golden dragons
  The ghost of Jingleheimer the Marksminotaur, an adept MiHu of Dithmenos (Elf:3)
  A hellephant (Abyss:3)
  2 electric golems (Zot:5)
  Rupert (Lair:4)
  4 liches
  A Hell Sentinel (Elf:3)
  Jorgrun (Snake:3)
  A walking earthen tome (Depths:3)
  27 Orb Guardians
  30 tentacled monstrosities
  3 walking frostbound tomes (Depths:3)
  A walking divine tome (Depths:4)
  7 quicksilver dragons
  5 deep elf blademasters (Elf:3)
  2 deep elf master archers (Elf:3)
  8 titans
  Kirke (D:15)
  6 sphinxes
  6 tentacled starspawn
  8 death cobs
  Agnes (D:13)
  9 shadow dragons
  12 storm dragons
  10 draconian monks
  6 tengu reavers
  4 draconian knights
  8 fire giants
  6 nagarajas
  11 vault wardens
  20 frost giants
  A balrug (Abyss:3)
  6 deep elf sorcerers
  4 ghost moths
  5 draconian scorchers
  6 draconian annihilators
  15 stone giants
  A draconian stormcaller (Zot:1)
  8 draconian shifters
  18 ironbound preservers
  3 deep elf elementalists
  A spriggan defender (Depths:2)
  6 ironbound thunderhulks
  20 very ugly things
  5 vampire knights
  4 war gargoyles
  14 green draconians
  21 purple draconians
  An entropy weaver (Vaults:4)
  12 yellow draconians
  8 deep elf demonologists
  A dire elephant (Gauntlet)
  3 deep elf annihilators
  17 white draconians
  An entropy weaver (shapeshifter) (Depths:3)
  A lorocyproca (Zot:5)
  13 black draconians
  12 red draconians
  Azrael (D:13)
  3 spark wasps (Depths:3)
  6 merfolk javelineers
  12 merfolk impalers
  9 ettins
  A quicksilver dragon zombie (Depths:3)
  Josephine (D:14)
  12 fire dragons
  A crystal guardian (Vaults:1)
  5 deep elf death magi (Elf:3)
  10 great orbs of eyes
  3 deep elf high priests
  9 yaktaur captains
  A boulder beetle (shapeshifter) (Depths:1)
  30 vault guards
  3 rakshasas
  10 hydras
  2 spriggan air magi
  6 salamander tyrants
  A hell beast (Zot:2)
  2 boulder beetles
  A catoblepas (D:14)
  15 ice dragons
  2 peacekeepers
  7 merfolk avatars
  An ogre mage (D:15)
  15 ironbound frosthearts
  18 anacondas
  11 naga warriors
  18 centaur warriors
  A death knight (D:14)
  3 alligator snapping turtles
  23 dancing weapons
  4 merfolk aquamancers
  9 two-headed ogres
  3 satyrs
  A satyr (shapeshifter) (Vaults:5)
  A two-headed ogre (shapeshifter) (Depths:3)
  5 tengu warriors
  3 deep troll earth magi
  An alligator (Snake:3)
  7 deep troll shamans
  3 thrashing horrors
  An orc high priest (Orc:2)
  3 vampire magi
  12 naga sharpshooters
  6 hell knights
  11 shock serpents
  16 deep elf knights
  5 spriggan berserkers
  2 spriggans (Depths:1)
  2 iron trolls (Depths:3)
  11 salamander mystics
  2 wretched stars (Abyss:3)
  A skeletal warrior (D:14)
  A sixfirhy (Depths:3)
  2 spatial maelstroms
  2 death drakes (Depths:4)
  2 goliath frogs (Snake:3)
  25 sea snakes
  A flayed ghost (Depths:3)
  3 naga ritualists
  A glowing orange brain (Zot:2)
  13 ironbound convokers
  4 wizards
  An orange crystal statue (IceCv)
  A swamp dragon (shapeshifter) (Vaults:4)
  2 orc knights
  45 deep trolls
  9 harpies
  33 deep elf pyromancers
  5 necromancers
  2 phantasmal warriors (Vaults:4)
  Pikel (D:6)
  12 deep elf archers
  2 wolf spider zombies (D:14)
  7 lindwurms
  29 deep elf zephyrmancers
  9 mana vipers
  5 orc sorcerers
  47 ugly things
  13 cyclopes
  11 manticores
  27 salamanders
  A will-o-the-wisp (Lair:5)
  2 rust devils (Depths:3)
  11 elephants
  18 fauns
  6 merfolk sirens
  5 guardian serpents
  29 black mambas
  16 naga magi
  34 moths of wrath
  14 vault sentinels
  4 smoke demons
  2 molten gargoyles (Lair:6)
  12 water nymphs
  17 cane toads
  3 gargoyles
  An apocalypse crab (Abyss:3)
  3 orange demons
  Maggie (D:7)
  9 large abominations
  A kobold demonologist (D:9)
  An unseen horror (shapeshifter) (D:13)
  6 unseen horrors
  18 rime drakes
  4 efreet
  2 tormentors
  8 freezing wraiths
  A yaktaur (shapeshifter) (Vaults:4)
  2 ice devils (Depths:3)
  5 tengu conjurers
  A komodo dragon (shapeshifter) (Depths:4)
  39 yaktaurs
  12 komodo dragons
  2 hellwings
  2 ancient zymes (Abyss:2)
  A troll (shapeshifter) (Elf:3)
  28 merfolk
  17 polar bears
  Grinder (D:6)
  14 wind drakes
  8 trolls
  A raiju (Abyss:2)
  17 slime creatures
  4 small abominations
  11 dream sheep
  4 blink frogs (Lair:1)
  2 hornets (Depths:1)
  16 snapping turtles
  A meliai zombie (D:14)
  A centaur simulacrum (D:14)
  A shadow (D:13)
  A vampire (Abyss:3)
  6 wyverns
  6 wraiths
  12 air elementals
  28 water elementals
  4 ynoxinuls
  7 fire elementals
  9 basilisks
  A golden eye (Abyss:3)
  3 hogs (D:15)
  39 yaks
  A yak (shapeshifter) (Elf:1)
  Grum (D:10)
  6 steam dragons
  7 vampire mosquitoes
  A redback (Vaults:4)
  3 neqoxecs
  A warg (Orc:1)
  Menkaure (Ossuary)
  Edmund (D:4)
  3 spatial vortices
  26 nagas
  2 acid dragons
  10 hell hounds
  14 water moccasins
  A floating eye (Depths:3)
  3 black bears
  16 orc warriors
  3 hornet zombies
  An ice beast (Abyss:2)
  6 ogres
  6 necrophages
  10 wolves
  7 centaurs
  A wolf (shapeshifter) (Vaults:4)
  3 lemures (D:6)
  4 phantoms
  2 kobold brigands
  21 bullfrogs
  3 scorpions
  A gnoll sergeant (Orc:1)
  A wyvern zombie (D:6)
  3 earth elementals
  A troll zombie (Ossuary)
  9 killer bees (D:7)
  6 howler monkeys
  An electric eel (D:14)
  17 centaur zombies
  A crimson imp (D:8)
  A bullfrog zombie (D:5)
  5 jellies
  6 lava snakes (Lair:6)
  2 bullfrog skeletons
  23 orc priests
  2 hounds
  A centaur skeleton (D:7)
  An iron imp (Abyss:2)
  5 iguanas
  Ijyb (D:3)
  27 orc wizards
  2 hell rats (Lair:1)
  6 polar bear simulacra (D:15)
  A killer bee zombie (D:6)
  2 yak simulacra (D:15)
  16 mummies
  A howler monkey zombie (D:10)
  10 gnolls
  3 howler monkey skeletons (D:5)
  11 river rats (Lair:1)
  9 adders
  2 shadow imps
  2 white imps
  2 adder zombies (Ossuary)
  An adder skeleton (D:4)
  A worm (D:2)
  2 dart slugs (D:1)
  68 orcs
  7 bats
  11 endoplasms
  A giant cockroach (D:1)
  A gnoll zombie (Ossuary)
  8 goblins
  5 hobgoblins
  6 jackals
  16 kobolds
  3 quokkas
  8 ball pythons
  2 frilled lizards
  3 goblin zombies (Ossuary)
  3 hobgoblin zombies (Ossuary)
  8 kobold zombies (Ossuary)
  3 quokka zombies (Ossuary)
  9 rats
  5 rat zombies (Ossuary)
  3 river rat simulacra (D:15)
  A lurking horror (D:11)
  8 starspawn tentacles
2175 creatures vanquished.

Vanquished Creatures (collateral kills)
  An ancient lich (Zot:5)
  Mlioglotl (Shoals:3)
  A tengu reaver (Depths:3)
  Louise (Snake:1)
  A minotaur (Gauntlet)
  A merfolk impaler (Shoals:4)
  A hydra (Snake:2)
  A titan zombie (Depths:3)
  A golden dragon skeleton (Depths:3)
  A slime creature (D:12)
  An iron dragon skeleton (Depths:3)
  A fire giant skeleton (Depths:3)
  A merfolk (Shoals:4)
13 creatures vanquished.

Vanquished Creatures (others)
  Asterion (Depths:2)
  A draconian knight (Zot:3)
  A deep elf elementalist (Elf:3)
  A white draconian (IceCv)
  A spark wasp (Depths:3)
  An ice dragon (Depths:3)
  A merfolk aquamancer (Shoals:1)
  2 deep elf knights
  A deep elf zephyrmancer (Elf:1)
  A salamander (Snake:4)
  A naga mage (Snake:1)
  A water elemental (Elf:3)
  3 golden eyes (Abyss:3)
  A small abomination (Abyss:2)
  2 bushes (D:6)
  6 foxfires (Lair:5)
  23 fungi
  65 plants
  18 starspawn tentacles
  8 withered plants
139 creatures vanquished.

Grand Total: 2327 creatures vanquished

Notes
Turn   | Place    | Note
-------+----------+-------------------------------------------
     0 | D:1      | jjjjhere the Minotaur Berserker began the quest for the
                  | Orb.
     0 | D:1      | Reached XP level 1. HP: 19/19 MP: 0/0
    22 | D:1      | Found a faded altar of an unknown god.
   104 | D:1      | Reached XP level 2. HP: 27/27 MP: 1/1
   161 | D:1      | Reached skill level 4 in Fighting
   565 | D:1      | Reached XP level 3. HP: 33/33 MP: 2/2
   870 | D:2      | Reached ** piety under Trog
   941 | D:2      | Reached skill level 5 in Axes
  1208 | D:2      | Reached XP level 4. HP: 41/41 MP: 3/3
  1581 | D:3      | Noticed Ijyb
  1612 | D:3      | Killed Ijyb
  1613 | D:3      | Reached skill level 5 in Fighting
  1613 | D:3      | Reached XP level 5. HP: 34/48 MP: 4/4
  2321 | D:3      | Found Musicely's Armour Shop.
  2383 | D:3      | Reached XP level 6. HP: 56/56 MP: 5/5
  2408 | D:3      | Reached *** piety under Trog
  3081 | D:4      | Reached skill level 6 in Fighting
  3092 | D:4      | Noticed Edmund
  3102 | D:4      | Killed Edmund
  3103 | D:4      | Reached XP level 7. HP: 64/64 MP: 2/6
  3225 | D:4      | Found a stormy altar of Qazlal.
  3436 | D:5      | Entered Level 5 of the Dungeon
  3669 | D:4      | Reached skill level 7 in Fighting
  3869 | D:5      | Found a sand-covered staircase.
  3908 | Ossuary  | Entered an ossuary
  4030 | Ossuary  | Reached **** piety under Trog
  4113 | Ossuary  | Reached XP level 8. HP: 70/73 MP: 2/7
  4171 | Ossuary  | Reached skill level 10 in Axes
  4361 | Ossuary  | Noticed Menkaure
  4376 | Ossuary  | Killed Menkaure
  4636 | D:5      | Reached skill level 8 in Fighting
  5587 | D:6      | Noticed Grinder
  5604 | D:6      | Killed Grinder
  5605 | D:6      | Reached skill level 9 in Fighting
  5605 | D:6      | Reached XP level 9. HP: 80/83 MP: 2/8
  5670 | D:6      | Noticed Pikel
  5735 | D:6      | Killed Pikel
  5981 | D:6      | Reached skill level 10 in Fighting
  6048 | D:6      | Found a staircase to the Ecumenical Temple.
  6197 | D:6      | Found a blossoming altar of Fedhas.
  7172 | D:7      | Found Weam's Hydra Hut.
  7177 | D:7      | Noticed a seven-headed hydra
  7197 | D:7      | Reached XP level 10. HP: 77/94 MP: 9/9
  7416 | D:7      | Reached skill level 11 in Fighting
  7512 | D:7      | Noticed Maggie
  7521 | D:7      | Killed Maggie
  8177 | D:8      | Noticed a two-headed ogre
  8182 | D:8      | Killed a two-headed ogre
  8249 | D:8      | Found Faenun's Book Boutique.
  8268 | D:8      | Found a huge runed translucent gate.
  8269 | D:8      | Found a huge runed translucent gate.
  8269 | D:8      | Found a huge runed translucent gate.
  8269 | D:8      | Found a huge runed translucent gate.
  8269 | D:8      | Noticed a death yak
  8468 | D:8      | Reached skill level 15 in Axes
  8954 | D:8      | Reached skill level 5 in Shields
  9573 | D:9      | Reached XP level 11. HP: 91/102 MP: 10/10
 10003 | D:9      | Found a staircase to the Orcish Mines.
 10433 | D:10     | Entered Level 10 of the Dungeon
 10600 | D:10     | Found a radiant altar of Vehumet.
 10602 | D:10     | Found a sacrificial altar of Ru.
 10688 | D:10     | Noticed Grum
 10690 | D:10     | Found Tibonaext's Antique Armour Boutique.
 10705 | D:10     | Reached skill level 1 in Evocations
 10742 | D:10     | Reached ***** piety under Trog
 10847 | D:10     | Killed Grum
 10859 | D:10     | Bought a glowing kite shield for 210 gold pieces
 11265 | D:10     | Noticed a two-headed ogre
 11268 | D:10     | Reached skill level 12 in Fighting
 11271 | D:10     | Killed a two-headed ogre
 11694 | D:11     | Found a one-way gate to the infinite horrors of the Abyss.
 11694 | D:11     | Noticed a two-headed ogre
 11697 | D:11     | Noticed a two-headed ogre
 11698 | D:11     | Killed a two-headed ogre
 11702 | D:11     | Killed a two-headed ogre
 11842 | D:11     | Found a corrupted altar of Lugonu.
 11856 | D:11     | Noticed a two-headed ogre
 11868 | D:11     | Killed a two-headed ogre
 11875 | D:11     | Reached skill level 13 in Fighting
 11875 | D:11     | Reached XP level 12. HP: 115/115 MP: 11/11
 11942 | D:11     | Reached skill level 10 in Shields
 12103 | D:11     | Found a staircase to the Lair.
 12120 | Lair:1   | Entered Level 1 of the Lair of Beasts
 12128 | Lair:1   | Found a radiant altar of Vehumet.
 12156 | Lair:1   | Reached skill level 5 in Evocations
 12250 | Lair:1   | Noticed a five-headed hydra
 12257 | Lair:1   | Killed a one-headed hydra
 12352 | Lair:1   | Found a transporter.
 12487 | Lair:1   | Received a gift from Trog
 12508 | Lair:1   | Reached skill level 14 in Fighting
 12576 | Lair:1   | Found a transporter.
 12585 | Lair:1   | Noticed Valamore's ghost (journeyman MiGl)
 13289 | Lair:2   | Noticed an eight-headed hydra
 13295 | Lair:2   | Killed a six-headed hydra
 13366 | Lair:2   | Noticed a boulder beetle
 13397 | Lair:2   | Killed a boulder beetle
 13532 | Lair:2   | Identified the +0 buckler "Genezu" {+Inv rElec rPois
                  | Stlth+}
 13568 | Lair:2   | Noticed a five-headed hydra
 13577 | Lair:2   | Killed a one-headed hydra
 13784 | Lair:2   | You fall into a shaft and drop 1 floor!
 14041 | Lair:2   | Found a transporter.
 14044 | Lair:2   | Found a transporter.
 14044 | Lair:2   | Noticed a boulder beetle
 14044 | Lair:2   | Noticed a boulder beetle
 14108 | Lair:3   | Reached XP level 13. HP: 124/124 MP: 12/12
 14630 | Lair:4   | Noticed Rupert
 14858 | Lair:4   | Found a staircase to the Shoals.
 15058 | Lair:4   | Killed Rupert
 15123 | Lair:4   | Found a staircase to the Snake Pit.
 16447 | Lair:6   | Entered Level 6 of the Lair of Beasts
 16504 | Lair:6   | Received a gift from Trog
 16532 | Lair:6   | Identified a scroll of acquirement
 16544 | Lair:6   | Acquired a +0 broad axe of freezing
 16697 | Lair:6   | Noticed a fire dragon
 17028 | Lair:6   | Found a staircase to the Slime Pits.
 17307 | Lair:6   | Reached XP level 14. HP: 99/132 MP: 13/13
 17312 | Lair:6   | Found a large runed translucent door.
 17480 | Lair:6   | Found a large runed translucent door.
 17991 | Orc:1    | Entered Level 1 of the Orcish Mines
 18482 | Orc:2    | Entered Level 2 of the Orcish Mines
 18574 | Orc:2    | Found a staircase to the Elven Halls.
 19181 | Orc:2    | Received a gift from Trog
 19502 | Orc:2    | Paralysed by an orc sorcerer for 7 turns
 19519 | Orc:1    | Reached skill level 10 in Evocations
 19661 | Orc:2    | Found Uxtant's Antique Weapon Boutique.
 19661 | Orc:2    | Found Ujocruc's Jewellery Boutique.
 19662 | Orc:2    | Found Ysuxt's Antique Armour Shop.
 19670 | Orc:2    | Found Gocum's Assorted Antiques.
 19675 | Orc:2    | Bought a steaming tin ring for 150 gold pieces
 19675 | Orc:2    | Identified the ring "Ilivepn" {Fire Dex+3 Slay+5} (You
                  | bought it in a shop on level 2 of the Orcish Mines)
 20244 | D:12     | Reached skill level 15 in Fighting
 20299 | D:12     | Reached skill level 15 in Shields
 20397 | D:12     | Reached skill level 1 in Throwing
 20423 | D:12     | Found a gate leading to a gauntlet.
 20453 | Gauntlet | Entered a Gauntlet
 20453 | Gauntlet | Found a transporter.
 20453 | Gauntlet | Found a transporter.
 20453 | Gauntlet | Found a transporter.
 20454 | Gauntlet | Found a transporter.
 20457 | Gauntlet | Found a transporter.
 20467 | Gauntlet | Found a transporter.
 20532 | Gauntlet | Found a transporter.
 20544 | Gauntlet | Found a transporter.
 20558 | Gauntlet | Found a transporter.
 20568 | Gauntlet | Found a transporter.
 20583 | Gauntlet | Found a transporter.
 20589 | Gauntlet | Found a transporter.
 20720 | Gauntlet | Identified the amulet "Duevines" {Regen+ Dex+4}
 21036 | D:12     | Found the ring of the Hare {EV+8}
 22147 | Snake:1  | Entered Level 1 of the Snake Pit
 22396 | Orc:2    | Bought a scroll of acquirement for 1560 gold pieces
 22396 | Orc:2    | Acquired the +5 tower shield of Salvation {rPois}
 22851 | Snake:1  | Reached skill level 16 in Fighting
 23013 | Snake:1  | Reached skill level 5 in Armour
 23013 | Snake:1  | Reached XP level 15. HP: 136/144 MP: 14/14
 23701 | Snake:1  | Noticed Louise
 23718 | Snake:1  | Killed Louise
 24013 | Snake:2  | Found a frozen archway.
 24013 | Snake:2  | Found Ceniakh Irua's Antique Armour Shoppe.
 24024 | Snake:2  | Received a gift from Trog
 24128 | IceCv    | Entered an ice cave
 24752 | IceCv    | Reached skill level 17 in Fighting
 25410 | IceCv    | Noticed a frost giant
 25410 | IceCv    | Noticed a frost giant
 25417 | IceCv    | Received a gift from Trog
 25423 | IceCv    | Killed a frost giant
 25431 | IceCv    | Killed a frost giant
 25432 | IceCv    | Reached XP level 16. HP: 114/155 MP: 15/15
 25696 | Snake:2  | Bought a blackened cloak for 351 gold pieces
 25696 | Snake:2  | Identified the +2 cloak of Plasticity {Harm Will+} (You
                  | bought it in a shop on level 2 of the Snake Pit)
 25701 | Snake:2  | Found a transporter.
 25702 | Snake:2  | Found a transporter.
 25804 | Snake:2  | Found a transporter.
 25806 | Snake:2  | Found a transporter.
 25831 | Snake:2  | Found a transporter.
 25915 | Snake:2  | Found a transporter.
 26158 | Snake:3  | Noticed Jorgrun
 26175 | Snake:2  | HP: 49/156 [black mamba (7)]
 26323 | Snake:3  | Killed Jorgrun
 26500 | Snake:3  | Reached skill level 10 in Armour
 26530 | Snake:2  | Reached skill level 18 in Fighting
 27498 | Snake:3  | Received a gift from Trog
 28051 | Snake:4  | Entered Level 4 of the Snake Pit
 28366 | Snake:4  | Noticed Vashnia
 28434 | Snake:4  | Killed Vashnia
 28803 | Snake:4  | Reached skill level 19 in Fighting
 28803 | Snake:4  | Reached XP level 17. HP: 153/168 MP: 16/16
 29546 | Snake:4  | Got a serpentine rune of Zot
 29770 | Shoals:1 | Entered Level 1 of the Shoals
 30098 | Shoals:1 | Received a gift from Trog
 30206 | Shoals:1 | Reached skill level 20 in Fighting
 30578 | Shoals:2 | Found Figautse's Gadget Gallery.
 30611 | Shoals:2 | Reached skill level 5 in Throwing
 30694 | Shoals:2 | Reached ****** piety under Trog
 30785 | Shoals:2 | Received a gift from Trog
 31476 | Shoals:3 | Reached XP level 18. HP: 125/180 MP: 17/17
 32003 | Shoals:3 | Received a gift from Trog
 32036 | Shoals:3 | Noticed Mlioglotl
 32074 | Shoals:3 | Killed Mlioglotl
 32116 | Shoals:3 | Reached skill level 15 in Armour
 32433 | Shoals:4 | Entered Level 4 of the Shoals
 32567 | Shoals:4 | Paralysed by an air elemental for 1 turns
 32727 | Shoals:4 | Paralysed by an air elemental for 1 turns
 32732 | Shoals:4 | Reached skill level 21 in Fighting
 32778 | Shoals:4 | Found a stormy altar of Qazlal.
 33070 | Shoals:4 | Paralysed by an air elemental for 1 turns
 33107 | Shoals:4 | Paralysed by an air elemental for 1 turns
 33234 | Shoals:4 | HP: 56/182 [merfolk impaler/+3 trident of pain (28)]
 33239 | Shoals:4 | HP: 50/182 [merfolk impaler/+3 trident of pain (16)]
 33245 | Shoals:4 | HP: 31/182 [merfolk impaler/+3 trident of pain (10)]
 33246 | Shoals:4 | Received a gift from Trog
 33594 | Shoals:4 | Identified the ring "Fufopah" {rElec rPois rF+}
 33613 | Shoals:4 | Got a barnacled rune of Zot
 34237 | D:14     | Noticed Agnes
 34251 | D:13     | Killed Agnes
 34353 | D:14     | Noticed Azrael
 34416 | D:13     | Received a gift from Trog
 34545 | D:13     | Killed Azrael
 34621 | D:14     | Found a gate to the Vaults.
 34740 | D:14     | Found a burning altar of Makhleb.
 34747 | D:14     | Found a shimmering blue altar of Sif Muna.
 34771 | D:14     | Noticed Josephine
 34779 | D:14     | Killed Josephine
 35200 | Vaults:1 | Entered Level 1 of the Vaults
 35209 | D:14     | Reached XP level 19. HP: 160/191 MP: 18/18
 35294 | Vaults:1 | Reached skill level 22 in Fighting
 35715 | Vaults:1 | Reached skill level 10 in Throwing
 35776 | Vaults:1 | HP: 54/191 [ironbound frostheart/creeping frost (24)]
 36057 | Vaults:1 | Received a gift from Trog
 37351 | Vaults:2 | Found Rokod's Jewellery Emporium.
 37892 | Vaults:2 | Cast into level 2 of the Abyss (a wizard)
 37895 | Abyss:2  | Found a corrupted altar of Lugonu.
 38039 | Abyss:2  | Found a corrupted altar of Lugonu.
 38258 | Vaults:2 | Escaped the Abyss
 38549 | Vaults:2 | Reached skill level 23 in Fighting
 38561 | Vaults:2 | HP: 61/195 [ironbound thunderhulk/bolt of lightning (60)]
 38580 | Vaults:2 | HP: 31/195 [ironbound thunderhulk/bolt of lightning (25)]
 39177 | Vaults:3 | Received a gift from Trog
 39180 | Vaults:3 | Reached XP level 20. HP: 172/203 MP: 19/19
 39537 | Vaults:3 | Found Wyddojeb's Weapon Boutique.
 39895 | Vaults:3 | Found a staircase to the Crypt.
 39895 | Vaults:3 | Found a basalt altar of Yredelemnul.
 39895 | Vaults:3 | Found an ancient bone altar of Kikubaaqudgha.
 40870 | Vaults:4 | Received a gift from Trog
 41063 | Vaults:4 | Found Kischauck's Assorted Antiques.
 41073 | Vaults:4 | Bought a potion of heal wounds for 240 gold pieces
 41392 | Vaults:4 | Found a portal to a secret trove of treasure.
 41702 | D:15     | Entered Level 15 of the Dungeon
 41760 | D:15     | Noticed Kirke
 41794 | D:15     | Paralysed by a sphinx for 4 turns
 42014 | D:15     | Killed Kirke
 42178 | D:15     | Found Dudinun's Antique Armour Boutique.
 42329 | D:15     | Found a staircase to the Depths.
 42365 | D:15     | Found Duuwnuass's General Store.
 42390 | D:15     | Found Xaiskual's Antique Weapon Shoppe.
 42618 | D:15     | Identified the ring "Eppihu" {rElec rC+++ EV+4 Str-3 Int-4}
 42652 | D:15     | Found Zeela's Antique Weapon Boutique.
 42988 | Depths:1 | Entered Level 1 of the Depths
 42991 | Depths:1 | Noticed Sojobo
 43012 | D:15     | Killed Sojobo
 43191 | D:15     | Received a gift from Trog
 43663 | Depths:1 | Found a one-way gate leading to the halls of Pandemonium.
 43664 | Depths:1 | Found Ifumem's Armour Emporium.
 43702 | Depths:1 | Reached skill level 24 in Fighting
 43752 | Depths:1 | Reached XP level 21. HP: 211/211 MP: 20/20
 43898 | Depths:1 | Found a gateway to Hell.
 44026 | Depths:1 | Found a radiant altar of Vehumet.
 44459 | Depths:2 | Found Noybouts's Weapon Shoppe.
 44619 | Depths:2 | Received a gift from Trog
 45253 | Depths:2 | Noticed Asterion
 45275 | Depths:2 | Killed Asterion
 45846 | Depths:2 | Reached skill level 5 in Dodging
 45881 | Depths:2 | Reached XP level 22. HP: 203/224 MP: 21/21
 45915 | Depths:2 | Paralysed by a great orb of eyes for 4 turns
 46158 | Depths:2 | Found a runed translucent gate.
 46158 | Depths:2 | Found a runed translucent gate.
 46158 | Depths:2 | Found a runed translucent gate.
 46175 | Depths:2 | Identified the +11 scimitar of Vamaquyr {drain, rC+}
 46191 | Depths:2 | Found a runed translucent gate.
 46191 | Depths:2 | Found a runed translucent gate.
 46191 | Depths:2 | Found a runed translucent gate.
 46352 | Depths:3 | Gained mutation: You are dopey. (Int -2) [a neqoxec]
 46365 | Depths:3 | Gained mutation: You sometimes lose the ability to read
                  | scrolls when taking damage. [a neqoxec]
 46422 | Depths:3 | Lost mutation: You sometimes lose the ability to read
                  | scrolls when taking damage. [potion of mutation]
 46422 | Depths:3 | Lost mutation: You are dopey. (Int -2) [potion of mutation]
 46422 | Depths:3 | Gained mutation: You have supernaturally acute eyesight.
                  | (SInv) [potion of mutation]
 46422 | Depths:3 | Gained mutation: Your flesh is heat resistant. (rF+)
                  | [potion of mutation]
 46422 | Depths:3 | Gained mutation: You have hidden genetic potential. [potion
                  | of mutation]
 46583 | Depths:3 | Found a glowing silver altar of Zin.
 46777 | Depths:3 | Paralysed by a floating eye for 4 turns
 46872 | Depths:3 | Paralysed by a vampire knight for 2 turns
 47094 | Depths:3 | Paralysed by a great orb of eyes for 7 turns
 47193 | Depths:3 | Found an ancient bone altar of Kikubaaqudgha.
 47401 | Depths:3 | Paralysed by a great orb of eyes for 4 turns
 47608 | Depths:3 | HP: 54/204 [tengu reaver/bolt of lightning (37)]
 47731 | Depths:3 | Noticed a golden dragon
 47736 | Depths:3 | Killed a golden dragon
 47774 | Depths:3 | Reached skill level 15 in Throwing
 47917 | Depths:3 | Paralysed by a vampire knight for 5 turns
 48064 | Depths:3 | Reached skill level 25 in Fighting
 48128 | Depths:3 | Identified the +12 hand axe of Tasail {vorpal, +Blink Fly}
                  | (Trog gifted it to you on level 3 of the Depths)
 48128 | Depths:3 | Received a gift from Trog
 48544 | Depths:3 | Noticed a golden dragon
 48555 | Depths:3 | Killed a golden dragon
 48990 | Depths:3 | Identified the amulet "Varuelut" {-Tele Regen+ Int+9 SInv}
 49100 | Depths:4 | Entered Level 4 of the Depths
 49363 | Depths:4 | Noticed a juggernaut
 49375 | Depths:4 | Killed a juggernaut
 49375 | Depths:4 | Received a gift from Trog
 49807 | Depths:4 | Found a one-way gateway to a ziggurat.
 49822 | Depths:4 | Reached skill level 10 in Dodging
 49992 | Depths:4 | Noticed a golden dragon
 50015 | Depths:4 | Killed a golden dragon
 50057 | Depths:4 | Reached XP level 23. HP: 195/236 MP: 22/22
 50312 | Depths:4 | Reached skill level 26 in Fighting
 50497 | Depths:4 | Gained mutation: You passively map a small area around you.
                  | [hidden potential]
 50633 | Depths:4 | Received a gift from Trog
 51068 | Depths:4 | Found a gate to the Realm of Zot.
 51587 | Vaults:5 | Entered Level 5 of the Vaults
 51607 | Vaults:5 | Noticed an ancient lich
 52074 | Vaults:4 | Killed an ancient lich
 52075 | Vaults:4 | Reached skill level 27 in Fighting
 52176 | Vaults:5 | Received a gift from Trog
 52360 | Vaults:5 | Paralysed by a sphinx for 7 turns
 53324 | Vaults:4 | Received a gift from Trog
 53744 | Vaults:5 | Got a silver rune of Zot
 53776 | Vaults:5 | Reached XP level 24. HP: 246/246 MP: 22/22
 53936 | Vaults:5 | Identified the +2 kite shield "Orupabuw" {rPois rF+}
 54064 | Vaults:5 | Found the +3 pair of gauntlets of War {Slay+5}
 54862 | Elf:1    | Entered Level 1 of the Elven Halls
 54867 | Elf:1    | Paralysed by an air elemental for 1 turns
 54875 | Elf:1    | Paralysed by an air elemental for 1 turns
 55117 | Elf:1    | Gained mutation: You are agile. (Dex +2) [hidden potential]
 55117 | Elf:1    | Lost mutation: You have hidden genetic potential. [hidden
                  | potential expressed]
 55119 | Elf:1    | Found Plog's Weapon Shop.
 55163 | Elf:1    | Found Feudajall's Weapon Boutique.
 55742 | Elf:1    | Found Soriest's Antique Armour Shop.
 55744 | Elf:1    | Received a gift from Trog
 56013 | Elf:1    | Reached skill level 15 in Dodging
 56161 | Elf:1    | Identified the +7 hand crossbow of Infinity {penet, Will+
                  | Str+5}
 56360 | Elf:1    | Found a radiant altar of Vehumet.
 56553 | Elf:2    | Received a gift from Trog
 56584 | Elf:2    | Found a runed translucent gate.
 56585 | Elf:2    | Found a runed translucent gate.
 56585 | Elf:2    | Found a runed translucent gate.
 57341 | Elf:3    | Entered Level 3 of the Elven Halls
 57360 | Elf:3    | Found a stormy altar of Qazlal.
 57416 | Elf:3    | Received a gift from Trog
 57485 | Elf:3    | Cast into level 2 of the Abyss (a deep elf sorcerer)
 57943 | Abyss:3  | Found a sacrificial altar of Ru.
 58071 | Elf:3    | Escaped the Abyss
 58195 | Elf:3    | HP: 66/249 [???[a deep elf demonologist] (63)]
 58530 | Elf:3    | Paralysed by an air elemental for 1 turns
 58553 | Elf:3    | Found a transporter.
 58634 | Elf:3    | Noticed Jingleheimer's ghost (adept MiHu)
 58657 | Elf:3    | Found a bloodstained altar of Trog.
 58673 | Elf:3    | Found a transporter.
 58712 | Elf:3    | Found Haatwaemn's Jewellery Boutique.
 58713 | Elf:3    | Found Lyfeyxt's Book Emporium.
 58715 | Elf:3    | Found Caorooq's Jewellery Boutique.
 58913 | Elf:3    | Identified the +10 trident of Wejeurpho {protect, rF++
                  | rCorr}
 58913 | Elf:3    | Identified the +0 robe of Wisdom {rElec}
 59002 | Elf:3    | Identified the +6 hand axe "Qupigen" {vorpal, rC++ Str-3}
 59510 | Elf:3    | Identified the ring "Xiastrell" {rPois Slay+2}
 59686 | Elf:3    | Killed Jingleheimer's ghost
 60047 | D:3      | Bought a +2 cloak of preservation for 236 gold pieces
 60547 | Zot:1    | Entered Level 1 of the Realm of Zot
 60551 | Zot:1    | Received a gift from Trog
 60784 | Zot:1    | HP: 65/249 [??? (62)]
 61288 | Zot:1    | Reached XP level 25. HP: 257/257 MP: 22/22
 62609 | Zot:2    | Received a gift from Trog
 63184 | Zot:3    | Reached skill level 15 in Evocations
 63585 | Zot:3    | Noticed a Killer Klown
 63940 | Zot:3    | Killed a Killer Klown
 64322 | Zot:4    | Found Plog's CLEARANCE SALE!.
 64794 | Zot:4    | Received a gift from Trog
 65158 | Zot:5    | Entered Level 5 of the Realm of Zot
 65651 | Zot:5    | Reached XP level 26. HP: 263/263 MP: 22/22
 65738 | Zot:5    | Noticed an orb of fire
 65747 | Zot:5    | Gained mutation: You are frail. (-10% HP) [an orb of fire]
 65756 | Zot:5    | Killed an orb of fire
 66219 | Zot:5    | Noticed an orb of fire
 66239 | Zot:5    | Killed an orb of fire
 66243 | Zot:5    | Noticed a dread lich
 66293 | Zot:4    | Killed a dread lich
 67286 | Zot:5    | Noticed an ancient lich
 67295 | Zot:5    | Killed an ancient lich
 67430 | Zot:5    | Noticed an orb of fire
 67451 | Zot:5    | Killed an orb of fire
 67451 | Zot:5    | Received a gift from Trog
 67918 | Zot:5    | Noticed a dread lich
 67923 | Zot:5    | Paralysed by a dread lich for 3 turns
 67933 | Zot:5    | Killed a dread lich
 68473 | Zot:5    | Noticed an ancient lich
 68495 | Zot:5    | Killed an ancient lich
 69136 | Zot:5    | Noticed an orb of fire
 69156 | Zot:5    | Killed an orb of fire
 69362 | Zot:5    | Noticed an ancient lich
 69376 | Zot:5    | Killed an ancient lich
 69680 | Zot:5    | Got the Orb of Zot
 69683 | Zot:5    | Noticed Fogyt the pandemonium lord
 69714 | Zot:4    | Noticed Xarr the pandemonium lord
 69961 | D:15     | Noticed Yhaeps the pandemonium lord
 70158 | D:7      | HP: 76/239 [??? (60)]
 70180 | D:7      | Noticed Ciodo the pandemonium lord
 70285 | D:3      | Noticed Morunobi the pandemonium lord
 70361 | D:1      | classic
 70361 | D:1      | decent items. no hats.
 70362 | D:$      | Escaped with the Orb!

Illustrated notes

..###.........#####.#.#####..# #
..#.......................#..# #
..#...8.⌠.8.##.........#.....####
.............#.........#.........
......⌠._.⌠..######.#........)...
.............######.#.#.#.#......
......8.⌠.8.........#.....#......
....)..........######.....#..###.
...............#@.≈P#.....#..# #.
........#......#..P♣#.#+#.#..# #.
........#......#≈.P♣#.#......# ##
........#......#P..P#.##.....####
.....#.........#P..P#..+.........
...###.........#P≈..'.##.........
...###.........#♣P.P####.........
...............#≈♣.≈# #...>.....
...............###'## #.........


Turn 70361 on D:1: classic

Levels and vault maps discovered:
D:1:      tarquinn_simple_flora_water_f, layout_basic,
          hellmonk_ecumenical_altar_dog_temple, minmay_heptomino_h4
D:2:      layout_basic
D:3:      kennysheep_big_flooded_room, layout_loops_corners, serial_shops, shop,
          uniq_ijyb
D:4:      layout_rooms, kennysheep_mini_moat, uniq_edmund
D:5:      layout_rooms, nicolae_ossuary_entry_plus, minmay_starry_boxes
D:6:      layout_basic, fedhas_altar_decomposition,
          minmay_temple_entry_proselytizer, uniq_grinder, uniq_pikel
D:7:      layout_gridville, doesnt_shop_hydraphobe, uniq_menkaure, uniq_maggie
D:8:      lemuel_bear_cage, layout_basic, serial_shops, shop_fountains,
          minmay_fire_ice_demons
D:9:      layout_roguey, hiddenorc1_lemuel, nicolae_figureground_pulse
D:10:     layout_basic, nicolae_overflow_hidden_temple, serial_shops,
          nicolae_inconvenience_store, uniq_grum
D:11:     layout_rooms, grunt_lair_entry_orc_guard_hut,
          amcnicky_altar_lugonu_corruption
D:12:     layout_rooms, gauntlet_entry_generic
D:13:     layout_loops_ring, serial_glass, glass_columns_b, glass_columns_a
D:14:     layout_rooms, skrybe_vaults_entry_preservation, bloody_makhleb,
          serial_undead, serial_undead_b, serial_undead_d, serial_undead_f,
          serial_undead_e, serial_undead_f, serial_undead_f, serial_undead_c,
          serial_undead_d, led_sif_book, uniq_azrael, uniq_agnes, uniq_josephine
D:15:     grunt_enter_depths_hoard, layout_loops_ring, special_room
          [special_room_orc], nicolae_sextant, serial_glass, glass_columns_a,
          glass_columns_b, glass_columns_c, glass_columns_a, glass_columns_b,
          glass_columns_b, glass_columns_b, glass_columns_a, serial_shops,
          nicolae_diamond_shop, shop_fountains, nicolae_shop_trees, shop,
          eino_house_with_fridge, uniq_kirke
Lair:1:   layout_hall_layers, basic_altar, nzn_ghost_randoct,
          kennysheep_rathole, grunt_megastairs_5
Lair:2:   gammafunk_boulding_lane, layout_big_grid
Lair:3:   layout_big_grid
Lair:4:   layout_concentric_octagons, minmay_shoals_entry_centaurs,
          minmay_snake_entry_six_corridors, st_stairs_12, uniq_rupert
Lair:5:   layout_cave_shapes, minmay_hedge_maze, pond
Lair:6:   cheibrodos_lair_end_hotspot, layout_gridlike,
          nicolae_slime_entry_slimehenge
Shoals:1: layout_shoals
Shoals:2: layout_shoals, nicolae_shop_gadgets
Shoals:3: layout_shoals, uniq_mlioglotl
Shoals:4: shoals_end_hellmonk_storm_palace [storm_palace_center_ruins,
          storm_palace_corner_pillars, storm_palace_corner_altar,
          storm_palace_corner_pillars, storm_palace_corner_blocked]
Snake:1:  cheibrodos_snake_lava_hold, layout_rooms, uniq_louise
Snake:2:  layout_gridlike, serial_shops, shop, portal_ice_cave_entry_ugly_swarm,
          serial_nicolae_subway, nicolae_sub_station_metal,
          nicolae_sub_station_crystal, nicolae_sub_station_stone,
          serial_bayou_shore_a, grunt_megastairs_4
Snake:3:  layout_onion, nicolae_snake_herptile_family_reunion, uniq_jorgrun
Snake:4:  grunt_snake_rune_serpentine_throne, layout_misc_corridors,
          uniq_vashnia
Orc:1:    layout_caves, basic_altar, uniq_erolcha
Orc:2:    st_orc_mages, layout_caves
Elf:1:    nicolae_elf_arrival_aired_out, layout_loops_corners, serial_shops,
          shop_fountains, nicolae_shop_bloodbath_and_beyond, shop,
          minmay_elf_demonology, lemuel_upstairs_altar
Elf:2:    nicolae_elf_blades_crystal_corner, layout_gridlike, drop_trap
Elf:3:    elf_hall, layout_geoelf_diagonals, gammafunk_ghost_wrathful_warriors,
          st_stairs_2, minmay_misc_feat_cross, nicolae_elf_altarnating,
          minmay_shop_grove
Vaults:1: vaults_dpeg_diagonal, vaults_room_stairs_pillars, v_pattern_4,
          v_rooms_2, ontoclasm_vaults_loading_screen, v_misc_18,
          vaults_mumra_minichess_inversion, vaults_room_door_ring,
          layout_vaults_omnigrid
Vaults:2: vaults_room_stairs_pillars, v_rooms_6, v_misc_1, v_misc_30,
          hangedman_vaults_slither, v_misc_24, nicolae_vaults_ring_of_whatevers,
          nicolae_vaults_ring_of_whatevers, nicolae_vaults_network_star,
          v_pattern_5, layout_vaults_omnicross, serial_shops, shop_statue
Vaults:3: grunt_vaults_swirl, minmay_crypt_entry_necro_gods,
          nicolae_vaults_little_squares_5, ontoclasm_vaults_shuriken, v_misc_4,
          v_pattern_2, v_misc_23, vaults_room_fancy_cross,
          vaults_dpeg_encased_lava, vaults_room_ringed_pool,
          nicolae_vaults_yaktaur_gun_rack, layout_vaults_big_room, serial_shops,
          shop
Vaults:4: nicolae_vaults_network_square, ontoclasm_vaults_hangar,
          grunt_vaults_hallway_short, ontoclasm_vaults_gateway,
          vaults_dpeg_hooks, nicolae_vaults_little_ls, v_misc_25,
          nicolae_vaults_theta, ontoclasm_vaults_hangar, grunt_vaults_diagonal,
          v_misc_29, layout_vaults_maze_bifur, enter_trove_1, serial_shops,
          nicolae_lakefront_shop
Vaults:5
Depths:1: layout_roguey, grunt_hell_entry_dis_mu, abyss_entry, pan_entry,
          kennysheep_nub, serial_shops, shop, hangedman_decor_riveting,
          nicolae_vehumet_radiance, uniq_sojobo
Depths:2: kennysheep_treasure_stockpile, layout_gridlike,
          abyss_entry_small_statue_room, pf_coc_iceberg, pan_entry,
          minmay_shop_star, infiniplex_staircase_hallway_doors, uniq_asterion
Depths:3: grunt_twisty_corner, layout_gridlike, grunt_pan_entry_zigzag,
          kiku_gazebo_garden_becter, hell_entry, abyss_entry, zin_scriptorium,
          infiniplex_staircase_zigzag_3, grunt_megastairs_2
Depths:4: lemuel_castle_with_subvaults [lemuel_castle_interior_carwin_3],
          layout_gridlike, enter_ziggurat_e, grunt_metal_band, abandoned_shop,
          kennysheep_random_hallway
Zot:1:    kennysheep_six_static_rooms, layout_gridville
Zot:2:    hangedman_zot_vaults_quadrants, layout_onion_interference
Zot:3:    layout_basic
Zot:4:    layout_misc_corridors, grunt_ministairs_6, nicolae_shop_clearance
Zot:5:    layout_cellular_growth, st_stairs_1, grunt_ministairs_2

Skill      XL: |  1  2  3  4  5  6  7  8  9 10 11 12 13 14 15 16 17 18 19 20 21 22 23 24 25 26 |
---------------+-------------------------------------------------------------------------------+-----
Axes           | 4 5 6 7 8 9 12 14 15 16 18 | 18.0
Fighting       | 4 5 6 7 9 10 11 13 14 16 17 19 20 21 23 24 25 27 | 27.0
Shields        | 6 9 12 14 15 18 19 20 21 | 21.9
Evocations     | 4 7 9 10 11 13 15 16 | 16.0
Throwing       | 3 6 9 12 13 14 16 | 16.0
Armour         | 5 8 11 14 16 18 19 20 21 22 24 26 | 26.0
Dodging        | 3 4 5 10 14 16 18 20 | 20.5

Action                   |  1- 3 |  4- 6 |  7- 9 | 10-12 | 13-15 | 16-18 | 19-21 | 22-24 | 25-27 || total
-------------------------+-------+-------+-------+-------+-------+-------+-------+-------+-------++-------
Melee: Hand axe          |    74 |   130 |   347 |       |       |       |       |       |       ||   551
       Headbutt          |    12 |    16 |    77 |   102 |   216 |   373 |   334 |   592 |   350 ||  2072
       Punch             |     1 |     3 |     4 |       |       |       |       |       |       ||     8
       War axe           |       |       |    36 |   487 |   205 |       |       |       |       ||   728
       Broad axe         |       |       |       |       |   790 |  1536 |  1074 |  1810 |   989 ||  6199
       Morningstar       |       |       |       |       |     4 |     4 |       |       |       ||     8
       Unarmed           |       |       |       |       |       |       |     7 |       |     3 ||    10
Throw: Boomerang         |       |       |       |     4 |    18 |   107 |     8 |   194 |   193 ||   524
       Javelin           |       |       |       |       |       |       |       |    12 |     4 ||    16
Invok: Berserk           |       |     3 |     3 |     8 |    12 |     5 |       |     6 |     5 ||    42
       Trog's Hand       |       |       |     2 |     2 |    12 |     7 |     6 |     8 |     4 ||    41
       Brothers in Arms  |       |       |       |       |     2 |     4 |     2 |     1 |     1 ||    10
Evoke: Phantom mirror    |       |       |       |       |     3 |     1 |       |     1 |     1 ||     6
       Tin of tremorston |       |       |       |       |     2 |       |     1 |     4 |     2 ||     9
       Phial of floods   |       |       |       |       |     1 |     1 |       |       |       ||     2
       Wand              |       |       |       |       |     1 |       |       |     6 |     1 ||     8
       Condenser vane    |       |       |       |       |       |     4 |     4 |     2 |       ||    10
       Box of beasts     |       |       |       |       |       |       |       |     1 |       ||     1
  Use: Scroll            |       |       |    22 |     5 |     7 |     2 |     2 |    14 |     5 ||    57
       Potion            |       |       |       |       |     1 |       |     1 |     1 |     1 ||     4
 Stab: Confused          |       |       |       |       |       |       |     1 |       |       ||     1
Armor: Animal skin       |     8 |       |       |       |       |       |       |       |       ||     8
       Chain mail        |    13 |    42 |    90 |   192 |   256 |       |       |       |       ||   593
       Plate armour      |       |       |       |       |    68 |       |       |       |       ||    68
       Crystal plate arm |       |       |       |       |     2 |   450 |   303 |   461 |       ||  1216
       Gold dragon scale |       |       |       |       |       |       |       |   192 |   298 ||   490
Dodge: Dodged            |    43 |    88 |   264 |   191 |   322 |   428 |   344 |   699 |   395 ||  2774
Block: Buckler           |       |       |       |    27 |       |       |       |       |       ||    27
       Kite shield       |       |       |       |   128 |   357 |       |       |       |       ||   485
       Tower shield      |       |       |       |       |   326 |  1748 |  1205 |  2046 |   870 ||  6195
